 Dungeon Crawl Stone Soup version 0.30.0-30-g96aa6591b8 (webtiles) character file.

Game seed: 5427397102850324072

3456 BreadTh the Frost Mage (level 10, -4/69 HPs)
             Began as a Merfolk Ice Elementalist on June 28, 2023.
             Was a Believer of Sif Muna.
             Slain by an orc warrior
             ... wielding a +0 hand axe
              (15 damage)
             ... in a bailey.
             The game lasted 00:35:38 (7364 turns).

BreadTh the Frost Mage (Merfolk Ice Elementalist)   Turns: 7364, Time: 00:35:39

Health: -4/69      AC: 11    Str:  8    XL:     10   Next: 6%
Magic:  5/13       EV: 10    Int: 20    God:    Sif Muna [**....]
Gold:   257        SH: 10    Dex: 14    Spells: 2/13 levels left

rFire   + + .        e - +0 dagger
rCold   + + .        H - +2 shield of Resistance {rF++ rC++ Will++}
rNeg    . . .        N - +2 leather armour {rPois}
rPois   +            o - +0 helmet
rElec   .            (no cloak)
rCorr   .            I - +0 pair of gloves
SInv    .            (no boots)
Will    ++...        f - amulet of regeneration
Stlth   ++           i - +4 ring of protection
HPRegen 1.11/turn    (no ring)
MPRegen 0.13/turn

%: no passive effects
@: no status effects
A: (nimble swimmer 2), mertail
a: Renounce Religion, Channel Magic


You were in a bailey.
You worshipped Sif Muna.
Sif Muna was pleased with you.
You visited 2 branches of the dungeon, and saw 8 of its levels.
You also visited: Bailey.

You collected 257 gold pieces.

Inventory:

Hand Weapons
 a - a -1 dagger of freezing
 e - a +0 dagger (weapon)
 A - a +0 rapier of speed
 O - a +1 whip of draining
 P - a +0 halberd
 Q - the +13 scythe of Curses {drain, curses, Drain}
   (You found it on level 5 of the Dungeon)

   Drain:     It drains your maximum health when unequipped.
Missiles
 c - 4 silver javelins
 j - 63 stones
 D - 13 poisoned darts
 G - a silver boomerang
 M - a boomerang of dispersal
Armour
 o - a +0 helmet (worn)
 B - a +0 leather armour
 H - the +2 shield of Resistance (worn) {rF++ rC++ Will++}
   (You acquired it on level 7 of the Dungeon)

   rF:        It greatly protects you from fire.
   rC:        It greatly protects you from cold.
   Will:      It greatly increases your willpower.
 I - a +0 pair of gloves (worn)
 L - a +0 robe of resistance
 N - a +2 leather armour of poison resistance (worn)
Magical Staves
 u - a staff of earth
Jewellery
 f - an amulet of regeneration (around neck)
 i - a +4 ring of protection (left hand)
 q - an amulet of guardian spirit
 E - a ring of magical power
Wands
 z - a wand of light (4) (quivered)
 F - a wand of mindburst (11)
Scrolls
 d - a scroll of summoning {unknown}
 h - a scroll of magic mapping
 k - 3 scrolls of fog
 t - 2 scrolls of teleportation
 x - 2 scrolls of fear
 C - 2 scrolls of blinking
 J - 2 scrolls of enchant armour
 K - 3 scrolls of enchant weapon
Potions
 b - a potion of magic
 g - 5 potions of haste
 l - a potion of attraction
 m - 3 potions of curing
 n - 3 potions of heal wounds
 p - 3 potions of might
 r - 3 potions of brilliance
 v - 2 potions of cancellation


   Skills:
 + Level 2.8 Fighting
 + Level 3.6 Polearms
 + Level 4.6 Dodging
 + Level 4.1 Stealth
 + Level 2.7 Shields
 - Level 2.0 Spellcasting
 - Level 14.0 Ice Magic


You had 2 spell levels left.
You knew the following spells:

 Your Spells              Type           Power      Damage    Failure   Level
a - Freeze                Ice            100%       1d10      1%          1
b - Frozen Ramparts       Ice            100%       1d16      1%          3
c - Ozocubu's Armour      Ice            55%        N/A       1%          3
d - Summon Ice Beast      Ice/Summ       30%        N/A       58%         4

Your spell library contained the following spells:

 Spells                   Type           Power      Damage    Failure   Level
 Beastly Appendage        Tmut           4%         N/A       80%         1
 Sandblast                Erth           4%         2d4       80%         1
 Cigotuvi's Dreadful Rot  Necr/Pois/Air  4%         N/A       90%         2
 Passwall                 Tmut/Erth      1%         N/A       90%         2
 Wereblood                Tmut           2%         N/A       90%         2
 Gell's Gravitas          Tloc           2%         N/A       99%         3
 Ignite Poison            Fire/Tmut/Pois 2%         N/A       99%         3
 Spider Form              Tmut/Pois      2%         N/A       99%         3
 Stone Arrow              Conj/Erth      4%         3d7       99%         3
 Teleport Other           Tloc           2%         N/A       99%         3
 Freezing Cloud           Conj/Ice/Air   10%        6-21      99%         5
 Dispersal                Tloc           1%         N/A       100%        6


Dungeon Overview and Level Annotations

Branches:
Dungeon (7/15)             Temple (1/1) D:6          Bailey (1/1)

Altars:
Ashenzari
Cheibriados
Dithmenos
Elyvilon
Fedhas
Gozag
Hepliaklqana
Kikubaaqudgha
Makhleb
Nemelex Xobeh
Okawaru
Qazlal
Ru
Sif Muna
Trog
Vehumet
Wu Jian
Xom
Yredelemnul
Zin
The Shining One

Shops:
D:7 *


Innate Abilities, Weirdness & Mutations

((You are very nimble when in or above water. (Stealth+, EV+, Speed+++)))
Your lower body shifts to a powerful aquatic tail in water.


Message History

Items here: ))))) [[[[[ †††.
The orc warrior attacks as you move away!
The orc warrior barely misses you.
Things that are here:
a +0 hand axe; a +0 leather armour The orc warrior attacks as you move away!
You block the orc warrior's attack.
The orc warrior no longer looks unusually strong.
The orc warlord roars a battlecry!
The orc warrior goes into a battle-frenzy!
There is an open door here.
The orc warrior attacks as you move away!
You block the orc warrior's attack.
The orc warrior attacks as you move away!
The orc warrior hits you with a +0 hand axe!
* * * LOW HITPOINT WARNING * * *
The orc warrior attacks as you move away!
The orc warrior hits you with a +0 hand axe!
* * * LOW HITPOINT WARNING * * *
The orc warrior attacks as you move away!
You block the orc warrior's attack.
The orc warrior attacks as you move away!
You block the orc warrior's attack.
The orc warlord roars a battlecry!
The orc warrior goes into a battle-frenzy!
There is an open door here.
Items here: ))) [[[ ÷÷.
The orc warrior no longer looks unusually strong.
Things that are here:
a +0 war axe; a +0 ring mail; an orc skeleton The orc warrior attacks as you move away!
The orc warrior barely misses you.
The orc warlord roars a battlecry!
The orc warrior goes into a battle-frenzy!
The orc warrior attacks as you move away!
The orc warrior hits you with a +0 hand axe!
* * * LOW HITPOINT WARNING * * *
The orc warrior attacks as you move away!
The orc warrior hits you with a +0 hand axe!
You die...

♣##)''##♣ ##.)...##
#.......# ##.......##
#.........# ##.........##
#######.....⌠.....#######
#.....##.........##.....##
.......))o.o...o@')).....#
.......##.......##)......##
........#.......#.).......#
........##.....##.........##
...⌠..o..#######.....⌠.....#
....o...## ##.........##
........# #.........#
.......## ##.......##
.......# #.......#


You could see an orc warlord and 2 orc warriors.

Vanquished Creatures
  Sigmund (D:4)
  Eustachio (D:4)
  A water moccasin (D:5)
  12 orc warriors (Bailey)
  2 black bears
  2 ogres (D:5)
  2 centaurs
  3 scorpions
  A bullfrog (D:6)
  Dowan (D:6)
  3 killer bees (D:5)
  A howler monkey (D:6)
  2 hounds (D:6)
  An orc priest (D:5)
  2 gnoll boudas
  A jelly (D:6)
  3 orc wizards
  2 iguanas
  13 gnolls
  12 adders
  A shadow imp (D:7)
  A white imp (D:6)
  An ufetubus (D:5)
  3 worms
  4 dart slugs
  17 orcs
  6 bats
  9 endoplasms
  3 giant cockroaches
  18 goblins
  8 hobgoblins
  6 quokkas
  4 ball pythons
  3 frilled lizards
  9 kobolds
  3 rats (D:1)
162 creatures vanquished.

Vanquished Creatures (collateral kills)
  Duvessa (D:6)
  An ice beast (D:6)
  A black bear (D:6)
  An ufetubus (D:6)
4 creatures vanquished.

Grand Total: 166 creatures vanquished

Notes
Turn   | Place    | Note
-------+----------+-------------------------------------------
     0 | D:1      | BreadTh the Merfolk Ice Elementalist began the quest for
                  | the Orb.
     0 | D:1      | Reached XP level 1. HP: 13/13 MP: 3/3
   161 | D:1      | Reached XP level 2. HP: 19/19 MP: 0/5
   253 | D:1      | Reached skill level 5 in Ice Magic
   653 | D:1      | Found a faded altar of an unknown god.
   746 | D:1      | Reached XP level 3. HP: 24/24 MP: 4/6
  1099 | D:2      | Learned a level 3 spell: Frozen Ramparts
  1428 | D:2      | Reached skill level 6 in Ice Magic
  1494 | D:2      | Reached XP level 4. HP: 30/30 MP: 2/7
  1499 | D:2      | Learned a level 3 spell: Ozocubu's Armour
  1747 | D:2      | Found a stormy altar of Qazlal.
  2277 | D:3      | Reached XP level 5. HP: 35/35 MP: 3/8
  2931 | D:4      | Reached skill level 7 in Ice Magic
  3169 | D:4      | Noticed Eustachio
  3194 | D:4      | Killed Eustachio
  3195 | D:4      | Reached skill level 8 in Ice Magic
  3195 | D:4      | Reached XP level 6. HP: 26/41 MP: 1/9
  3764 | D:4      | Noticed Sigmund
  3801 | D:4      | Killed Sigmund
  3802 | D:4      | Reached skill level 9 in Ice Magic
  3802 | D:4      | Reached XP level 7. HP: 46/46 MP: 5/10
  3874 | D:4      | Found a glowing silver altar of Zin.
  3874 | D:4      | Noticed an angel
  3881 | D:5      | Entered Level 5 of the Dungeon
  3945 | D:5      | Found a broken altar of Ashenzari.
  4208 | D:5      | Reached skill level 10 in Ice Magic
  4276 | D:5      | Reached XP level 8. HP: 51/52 MP: 2/11
  4352 | D:5      | Learned a level 4 spell: Summon Ice Beast
  4551 | D:5      | Found a basalt altar of Yredelemnul.
  4783 | D:5      | Reached skill level 11 in Ice Magic
  4946 | D:5      | Found the +13 scythe of Curses {drain, curses, Drain}
  5121 | D:6      | Found a staircase to the Ecumenical Temple.
  5191 | Temple   | Entered the Ecumenical Temple
  5339 | Temple   | Became a worshipper of Sif Muna the Loreminder
  5515 | D:6      | Reached skill level 12 in Ice Magic
  5951 | D:6      | Reached XP level 9. HP: 57/57 MP: 7/12
  6010 | D:6      | Noticed Duvessa
  6011 | D:6      | Noticed Dowan
  6013 | D:6      | Reached skill level 13 in Ice Magic
  6019 | D:6      | Killed Dowan
  6022 | D:6      | Killed Duvessa
  6334 | D:6      | Reached * piety under Sif Muna
  6748 | D:7      | Identified a scroll of acquirement
  6748 | D:7      | Acquired the +2 shield of Resistance {rF++ rC++ Will++}
  6748 | D:7      | Found the +2 shield of Resistance {rF++ rC++ Will++}
  6887 | D:7      | Found Voatifol's Fire Supplies.
  6918 | D:7      | Found a flagged portal.
  6925 | Bailey   | Entered a bailey
  6991 | Bailey   | Reached skill level 1 in Polearms
  7090 | Bailey   | Reached skill level 1 in Fighting
  7090 | Bailey   | Reached skill level 1 in Shields
  7106 | Bailey   | Reached skill level 14 in Ice Magic
  7239 | Bailey   | Reached ** piety under Sif Muna
  7312 | Bailey   | Noticed an orc warlord
  7318 | Bailey   | Reached XP level 10. HP: 68/68 MP: 6/13
  7364 | Bailey   | Slain by an orc warrior

Illustrated notes

Levels and vault maps discovered:
D:1:      lightli_arrival_isolated_outpost, layout_basic, basic_ecumenical_altar
D:2:      layout_loops_ring, basic_altar, minmay_liquid_box
D:3:      layout_loops_ring
D:4:      layout_gridville, zin_angel, uniq_eustachio, uniq_sigmund
D:5:      layout_basic, ashenzari_altar_1, yredelemnul_altar_generic,
          grunt_ministairs_5, st_stairs_2
D:6:      layout_cave_pods, minmay_temple_entry_junction_2, skrybe_limestone_x,
          uniq_duvessa
D:7:      layout_basic, enter_bailey_3, chequers_garden, nicolae_shop_fire_sale
          [nicolae_sub_dead_trees], roderic_serpentine_path
Temple:   regret_index_temple_chain_breaker
Bailey:   bailey_axe_minmay_hex_keep, bailey

Skill      XL: |  1  2  3  4  5  6  7  8  9 10 |
---------------+-------------------------------+-----
Ice Magic      | 5 6 8 9 10 12 14 | 14.0
Polearms       | 3 |  3.6
Dodging        | 4 |  4.6
Fighting       | 2 |  2.8
Shields        | 2 |  2.7
Stealth        | 3 4 |  4.1
Spellcasting   | |  2.0

Action                     |  1- 3 |  4- 6 |  7- 9 | 10-12 || total
---------------------------+-------+-------+-------+-------++-------
  Melee: Whip              |     4 |       |       |       ||     4
         Unarmed           |     4 |       |       |       ||     4
         Dagger            |    10 |    13 |    78 |     3 ||   104
         Rapier            |       |    13 |       |       ||    13
         Punch             |       |     1 |     1 |       ||     2
  Throw: Stone             |       |     1 |       |       ||     1
   Cast: Freeze            |    48 |    46 |    45 |       ||   139
         Frozen Ramparts   |     3 |     4 |    33 |       ||    40
         Ozocubu's Armour  |       |     1 |     7 |     1 ||     9
         Summon Ice Beast  |       |       |     3 |     1 ||     4
  Evoke: Wand              |       |     1 |     1 |       ||     2
    Use: Scroll            |       |       |    19 |       ||    19
   Stab: Sleeping          |     4 |     4 |     2 |       ||    10
         Distracted        |       |     1 |     2 |       ||     3
         Invisible         |       |       |     2 |       ||     2
 Armour: Robe              |    11 |    12 |    38 |       ||    61
         Leather armour    |       |       |    13 |     3 ||    16
  Dodge: Dodged            |    22 |    30 |    77 |     3 ||   132
  Block: Kite shield       |       |       |    21 |     7 ||    28
